 Dungeon Crawl Stone Soup version 0.31.0-1-g2c135a008e (webtiles) character file.

Game seed: 1355302608445840194

511 Destapler the Cudgeller (level 6, -2/76 HPs)
             Began as an Armataur Berserker on Jan 20, 2024.
             Was a Believer of Trog.
             Slain by a kobold
             ... wielding a +0 short sword
              (3 damage)
             ... on level 4 of the Dungeon.
             The game lasted 00:09:36 (2522 turns).

Destapler the Cudgeller (Armataur Berserker)        Turns: 2522, Time: 00:09:38

Health: -2/76      AC:  5    Str: 25    XL:     6   Next: 99%
Magic:  6/6        EV:  8    Int:  7    God:    Trog [**....]
Gold:   133        SH:  8    Dex:  9    Spells: 5/5 levels left

rFire   . . .        a - +0 mace
rCold   . . .        i - +0 kite shield
rNeg    . . .        c - +0 ring mail
rPois   .            (no helmet)
rElec   .            r - +2 cloak {rCorr}
rCorr   +            (no gloves)
SInv    .            (no barding)
Will    ++...        n - amulet of faith Stlth
                     (no ring)
HPRegen 1.32/turn    (no ring)
MPRegen 1.09/turn

%: roll, faith
@: berserking, strong-willed (expiring), corroded, regenerating (expiring), very
quick
A: large, deformed body, tough skin 3, armoured tail, roll 1
a: Renounce Religion, Berserk, Trog's Hand


You were on level 4 of the Dungeon.
You worshipped Trog.
Trog was pleased with you.
You visited 1 branch of the dungeon, and saw 4 of its levels.

You collected 133 gold pieces.

Inventory:

Hand Weapons
 a - a +0 mace (weapon)
Missiles
 j - 30 stones (quivered)
Armour
 c - a +0 ring mail (worn)
 i - a +0 kite shield (worn)
 r - a +2 cloak of preservation (worn)
Jewellery
 n - an amulet of faith (around neck)
Scrolls
 b - 2 scrolls of poison {unknown}
 e - 4 scrolls of teleportation {unknown}
 f - a scroll of enchant weapon {unknown}
 p - a scroll of summoning {unknown}
 q - a scroll of amnesia {unknown}
Potions
 d - a potion of mutation {unknown}
 g - a potion of curing {unknown}
 h - a potion of might {unknown}
 k - a potion of heal wounds
 l - a potion of berserk rage {unknown}
 m - a potion of haste {unknown}
 o - a potion of brilliance {unknown}


   Skills:
 + Level 3.4 Fighting
 * Level 4.8 Maces & Flails
 + Level 3.7 Armour
 - Level 2.0 Dodging
 + Level 4.5 Shields


You had 5 spell levels left.
You didn't know any spells.
Your spell library contained the following spells:

 Spells                   Type           Power      Damage    Failure   Level
 Lesser Beckoning         Tloc           0%         N/A       91%         2
 Gell's Gravitas          Tloc           0%         N/A       99%         3
 Teleport Other           Tloc           0%         N/A       99%         3


Dungeon Overview and Level Annotations

Branches:
Dungeon (4/15)
 Temple: D:4-7

Altars:
Vehumet


Innate Abilities, Weirdness & Mutations

Armour fits poorly on your strangely shaped body.
You have extremely tough skin. (AC +3)
You have a long armoured tail.
You regenerate magic when rolling toward enemies. (Rampage MPRegen)


Message History

The kobold closely misses you. The adder bites you.
* * * LOW HITPOINT WARNING * * *
You sock the endoplasm!
You kill the endoplasm!
Trog accepts your kill.
You feel the effects of Trog's Hand fading.
The kobold hits you but does no damage. You block the adder's attack.
You hit the hobgoblin.
You kill the hobgoblin!
Trog accepts your kill. The adder bites you but does no damage.
The kobold hits you but does no damage.
The quokka bites you but does no damage.
You thump the ogre!
The ogre is heavily wounded.
The adder barely misses you. The quokka bites you.
* * * LOW HITPOINT WARNING * * *
You block the kobold's attack. The ogre hits you with a +0 giant club!
* * * LOW HITPOINT WARNING * * *
You hit the ogre.
The ogre is severely wounded.
The adder bites you but does no damage. You block the quokka's attack.
Unknown command.
You barely miss the ogre.
Your tail-slap misses the ogre.
The ogre is severely wounded.
The jelly hits you.
* * * LOW HITPOINT WARNING * * *
You are splashed with acid.
You resist.
* * * LOW HITPOINT WARNING * * *
The kobold closely misses you. The adder bites you but does no damage.
The ogre hits you with a +0 giant club!
* * * LOW HITPOINT WARNING * * *
You block the quokka's attack.
You hit the ogre.
The ogre is almost dead.
The adder bites you but does no damage. The jelly hits you.
* * * LOW HITPOINT WARNING * * *
The acid corrodes you!
You are splashed with acid.
You resist.
* * * LOW HITPOINT WARNING * * *
The kobold hits you with a +0 short sword.
You die...

###?. ### ...$ ..#
... ..# .. ..
..##..# #.. ###.
#.....##... . ...
#.......... .. ..#
#.KJ...... #. #$.
#.@r...... ##..#..
##OS......
#....#.##.........
#................
#...O#<..........
..... ##..........
.... #..[.......
..O #.......... ..
#..........


You could see an ogre, a jelly, an adder, a quokka and a kobold.

Vanquished Creatures
  Sigmund (D:2)
  Menkaure (D:4)
  An ogre (D:3)
  Crazy Yiuf (D:3)
  Jessica (D:2)
  Robin (D:3)
  3 dart slugs
  5 ribbon worms
  3 ball pythons
  5 endoplasms
  A giant cockroach (D:1)
  12 goblins
  9 hobgoblins
  2 kobolds (D:1)
  2 quokkas
  9 bats
  3 frilled lizards
  6 rats
66 creatures vanquished.

Notes
Turn   | Place    | Note
-------+----------+-------------------------------------------
     0 | D:1      | Destapler the Armataur Berserker began the quest for the
                  | Orb.
     0 | D:1      | Reached XP level 1. HP: 18/18 MP: 1/1
   175 | D:1      | Reached XP level 2. HP: 18/25 MP: 2/2
  1005 | D:2      | Reached XP level 3. HP: 25/31 MP: 3/3
  1059 | D:2      | Reached skill level 1 in Shields
  1258 | D:2      | Noticed Jessica
  1262 | D:2      | Reached ** piety under Trog
  1266 | D:2      | Killed Jessica
  1267 | D:2      | Reached XP level 4. HP: 33/38 MP: 4/4
  1481 | D:2      | Noticed Sigmund
  1518 | D:2      | Killed Sigmund
  1519 | D:2      | Reached XP level 5. HP: 17/45 MP: 5/5
  1875 | D:3      | Noticed an ogre
  1883 | D:3      | Killed an ogre
  1884 | D:3      | Reached XP level 6. HP: 51/51 MP: 6/6
  1924 | D:3      | Found a faded altar of an unknown god.
  1997 | D:3      | Noticed Robin
  2016 | D:3      | Killed Robin
  2019 | D:3      | Found a radiant altar of Vehumet.
  2306 | D:3      | Found a runed translucent door.
  2307 | D:3      | Noticed Crazy Yiuf
  2313 | D:3      | Killed Crazy Yiuf
  2510 | D:4      | Noticed Menkaure
  2516 | D:4      | Killed Menkaure
  2522 | D:4      | HP: 1/76 [acid (5)]
  2522 | D:4      | Slain by a kobold

Illustrated notes

Levels and vault maps discovered:
D:1:      evilmike_arrival_plus, layout_loops_ring, chequers_avenue,
          ebering_dispersal_statue_hall, minmay_pentomino_r4
D:2:      layout_loops_cross, uniq_sigmund, uniq_jessica
D:3:      layout_basic, vehumet_crystals, serial_curves, eino_curves_03,
          eino_curves_04, hellmonk_ecumenical_altar_pennies_from_heaven,
          uniq_crazy_yiuf_cottage, uniq_robin
D:4:      layout_cave_pools, uniq_menkaure

Skill      XL: |  1  2  3  4 |
---------------+-------------+-----
Armour         | 3 |  3.7
Fighting       | 3 |  3.4
Maces & Flails | 3 4 |  4.8
Shields        | 2 4 |  4.5
Dodging        | 2 |  2.0

Action                     |  1- 3 |  4- 6 || total
---------------------------+-------+-------++-------
  Melee: Mace              |    95 |    98 ||   193
         Tailslap          |    14 |     5 ||    19
  Throw: Stone             |     2 |       ||     2
 Invoke: Berserk           |     1 |     5 ||     6
         Trog's Hand       |       |     1 ||     1
    Use: Potion            |       |     1 ||     1
 Armour: Ring mail         |    63 |    68 ||   131
  Dodge: Dodged            |    38 |    34 ||    72
  Block: Kite shield       |    18 |    34 ||    52
